 Dungeon Crawl Stone Soup version 0.24-a0-312-g16217b4 (webtiles) character file.

Game seed: 12913253922907993021

8098 mhoghedin the Frost Mage (level 10, -16/84 HPs)
             Began as a Demigod Ice Elementalist on May 15, 2019.
             Demolished by Snorg (21 damage)
             ... on level 10 of the Dungeon.
             The game lasted 00:36:13 (13921 turns).

mhoghedin the Frost Mage (DgIE)                    Turns: 13921, Time: 00:36:14

Health: -16/84     AC:  3    Str: 11    XL:     10   Next: 77%
Magic:  12/19      EV: 16    Int: 30    God:
Gold:   857        SH:  6    Dex: 16    Spells: 2/16 levels left

rFire    + . .     SeeInvis .   F - +2 short sword (drain)
rCold    . . .     Gourm    +   j - +1 buckler
rNeg     . . .     Faith    .   r - +0 leather armour
rPois    .         Spirit   .   D - +0 helmet
rElec    .         Reflect  .   (no cloak)
rCorr    .         Harm     .   q - +0 pair of gloves
MR       +....     Clarity  +   (no boots)
Stlth    ++........             u - amulet of the gourmand {Gourm, !d}
HPRegen  0.24/turn              G - +5 ring of intelligence
MPRegen  0.16/turn              B - ring of protection from fire {rF+, !d}

@: studying Unarmed Combat
A: clarity, deformed body, high mp 1, mutation resistance 1
a: no special abilities


You were on level 10 of the Dungeon.
You were not hungry.

You visited 1 branch of the dungeon, and saw 10 of its levels.

You collected 857 gold pieces.

Inventory:

Hand Weapons
 e - a +0 spear
   (You took it off a gnoll on level 2 of the Dungeon)
 F - a +2 short sword of draining (weapon)
   (You took it off Duvessa on level 7 of the Dungeon)
Missiles
 l - 21 poisoned darts (quivered)
 C - 3 throwing nets {=f, !d}
Armour
 j - a +1 buckler (worn)
   (You found it on level 1 of the Dungeon)
 q - a +0 pair of gloves (worn)
   (You found it on level 4 of the Dungeon)
 r - a +0 leather armour (worn)
   (You found it on level 3 of the Dungeon)
 v - +0 acid dragon scales
   (You found it on level 8 of the Dungeon)
 D - a +0 helmet (worn)
   (You found it on level 6 of the Dungeon)
 L - a +1 shield of protection
   (You took it off a tengu warrior on level 9 of the Dungeon)
Jewellery
 u - an amulet of the gourmand (around neck) {Gourm, !d}
   (You found it on level 8 of the Dungeon)
 x - a +3 ring of strength
   (You found it on level 5 of the Dungeon)
 y - an uncursed ring of protection from magic {unknown}
   (You found it on level 9 of the Dungeon)
 B - a ring of protection from fire (right hand) {rF+, !d}
   (You took it off a crimson imp on level 5 of the Dungeon)
 G - a +5 ring of intelligence (left hand)
   (You took it off an orc priest on level 9 of the Dungeon)
 K - an uncursed ring of flight {+Fly, !d}
   (You found it on level 8 of the Dungeon)
 O - a cursed ring of attention {unknown}
   (You found it on level 9 of the Dungeon)
Wands
 f - a wand of iceblast (17)
   (You took it off Pikel on level 4 of the Dungeon)
 n - a wand of acid (6)
   (You found it on level 8 of the Dungeon)
 z - a wand of random effects (23)
   (You found it on level 9 of the Dungeon)
 E - a wand of flame (19)
   (You found it on level 9 of the Dungeon)
 H - a wand of polymorph (1)
   (You found it on level 7 of the Dungeon)
Scrolls
 a - a scroll of immolation {!r}
 b - 4 scrolls of identify
 g - a scroll of enchant armour
 h - 3 scrolls of remove curse
 m - 11 scrolls of teleportation
 p - a scroll of blinking {!r}
 w - 3 scrolls of amnesia
Potions
 d - 9 potions of curing
 k - a potion of heal wounds
 o - a potion of brilliance
 s - 4 potions of haste
 t - a potion of agility
 I - 2 potions of resistance
 J - a potion of berserk rage {unknown}
 M - a potion of lignification {unknown}
Books
 A - a manual of Unarmed Combat {!d}
   (You found it on level 5 of the Dungeon)
Miscellaneous
 N - a fan of gales
   (You found it on level 9 of the Dungeon)
Comestibles
 c - 20 rations


   Skills:
 - Level 6.8 Fighting
 - Level 3.5 Short Blades
 - Level 2.5 Polearms
 - Level 7.2 Dodging
 - Level 3.6 Stealth
 - Level 4.0 Shields
 - Level 3.8 Spellcasting
 + Level 2.2 Conjurations
 - Level 1.8 Charms
 - Level 4.3 Summonings
 - Level 8.0 Ice Magic


You had 2 spell levels left.
You knew the following spells:

 Your Spells              Type           Power        Failure   Level  Hunger
a - Freeze                Ice            ####         1%          1    None
b - Summon Ice Beast      Ice/Summ       #####...     7%          4    ####...
c - Throw Icicle          Conj/Ice       #####...     11%         4    ####...
x - Throw Frost           Conj/Ice       #####.       1%          2    None
A - Ozocubu's Armour      Chrm/Ice       #####...     3%          3    ##.....

Your spell library contained the following spells:

 Spells                   Type           Power        Failure   Level  Hunger
 Magic Dart               Conj           ###.         3%          1    None
 Searing Ray              Conj           ###...       5%          2    None
 Sandblast                Erth           #.....       9%          1    None
 Passwall                 Tmut/Erth      #.......     13%         2    None
 Dazzling Spray           Conj/Hex       ##....       16%         3    ##.....
 Stone Arrow              Conj/Erth      ##....       16%         3    ##.....
 Iskenderun's Mystic Bla  Conj           ###.....     34%         4    ####...
 Force Lance              Conj/Tloc      ##......     47%         4    ####...
 Fulminant Prism          Conj/Hex       ##........   47%         4    ####...
 Petrify                  Tmut/Erth      #.......     65%         4    ####...
 Lee's Rapid Deconstruct  Erth           #.........   94%         5    #####..


Dungeon Overview and Level Annotations

Branches:
Dungeon (10/15)            Temple (0/1) D:6
   Lair: D:8-11         Orc: D:9-12

Shops:
D:10 =

Annotations:
D:8 exclusion: Prince Ribbit
D:10 Snorg


Innate Abilities, Weirdness & Mutations

You have an increased reservoir of magic. (+10% MP)
You possess an exceptional clarity of mind.
Armour fits poorly on your strangely shaped body.
You are somewhat resistant to further mutation.


Message History

You closely miss the shadow imp. The shadow imp gestures at you.
You resist with significant effort.
Your leather armour prevents you from hitting the shadow imp.
The shadow imp completely misses you.
You puncture the shadow imp! The shadow imp misses you.
You take 7 damage, and have 77/84 hp.
You hit the shadow imp.
You kill the shadow imp!
No target in view!
No target in view!
No target in view!
No target in view!
You now have 824 gold pieces (gained 14).
d - 9 potions of curing (gained 1)
O - an encrusted wooden ring You regained 2 hp, and now have 79/84 hp.
You open the door.
There is an open door here.
You now have 832 gold pieces (gained 8).
You now have 848 gold pieces (gained 16).
You now have 857 gold pieces (gained 9).
A worker ant comes into view.
Health restored: 84 The worker ant twitches its antennae in your direction.
You hit the worker ant. The worker ant bites you.
You closely miss the worker ant. The worker ant barely misses you.
You take 5 damage, and have 79/84 hp.
You barely miss the worker ant. You block the worker ant's attack.
You closely miss the worker ant. You block the worker ant's attack.
You barely miss the worker ant. You block the worker ant's attack.
You hit the worker ant. You drain the worker ant.
You block the worker ant's attack.
You hit the worker ant. You drain the worker ant.
You kill the worker ant!
No target in view!
No target in view!
There is a stone staircase leading down here.
You open the door.
There is an open door here.
There is a stone staircase leading up here.
You open the door.
There is an open door here.
There is an open door here.
c - 20 rations (gained 1)
You open the door.
There is an open door here.
There is an open door here.
You open the door.
There is an open door here.
Done exploring.
Done exploring.
Health restored: 84 No target in view!
Done exploring.
Done exploring.
(D) Dungeon (T) Temple
Where to? (Enter - D:9, ? - help)
There is an open door here.
There is a stone staircase leading down here.
You climb downwards.
Found Joduem's Jewellery Emporium.
Found a stone staircase leading down.
There is a stone staircase leading up here.
Unknown command.
There is an entrance to Joduem's Jewellery Emporium here.
Welcome back, mhoghedin the Demigod Ice Elementalist.
Unknown command.
Okay, then.
Unknown command.
Snorg the Insatiable comes into view.
You don't know that spell.
Snorg shouts!
You don't know that spell.
Okay, then.
Unknown command.
Unknown command.
A chill wind blows around you. Snorg barely misses you. Snorg claws you!
Snorg closely misses you.
You take 12 damage, and have 72/84 hp.
You now have 15/19 mp.
A chill wind blows around you.
Snorg goes berserk!
You now have 11/19 mp.
Your ice beast hits Snorg.
Your ice beast freezes Snorg!!
You hit Snorg. You drain Snorg. You block Snorg's attack. Snorg claws you! x2
Your ice beast hits Snorg.
Your ice beast freezes Snorg!
Snorg bites you! Snorg closely misses you. Snorg claws you!
You take 38 damage, and have 35/84 hp.
MASSIVE DAMAGE!!
As you read the scroll of fear, it crumbles to dust.
You assume a fearsome visage.
Snorg resists with some effort.
Snorg barely misses you. Snorg misses you. Snorg claws you!
* * * LOW HITPOINT WARNING * * *
You block Snorg's attack. Snorg claws you but does no damage. Snorg claws you!
* * * LOW HITPOINT WARNING * * *
You take 30 damage, and have 5/84 hp.
MASSIVE DAMAGE!!
Your ice beast hits Snorg.
Your ice beast freezes Snorg!
Your ice beast hits Snorg.
Your ice beast freezes Snorg!
Snorg bites you!!
You die...

######### .......#
#+####......#
###+####..∩##......+
............YY>(...#
.......<.@T##.....##
...........##.....#
..................#
..................#
########...##.....#
#####......+ .....#
##


You could see Snorg (berserk) and 2 friendly ice beasts.

Vanquished Creatures
  A tengu warrior (D:9)
  Pikel (D:4)
  An ugly thing (D:8)
  Grinder (D:3)
  A hippogriff (D:9)
  2 wyverns (D:8)
  A wraith (D:9)
  Eustachio (D:6)
  A yak (D:9)
  A steam dragon (D:9)
  2 acid dragons
  2 water moccasins
  An orc warrior (D:9)
  Duvessa (D:7)
  2 ice beasts
  4 slaves
  8 ogres
  5 sky beasts
  4 bullfrogs
  5 scorpions
  7 howler monkeys
  A bullfrog zombie (D:8)
  A centaur zombie (D:5)
  4 crimson imps
  A gnoll shaman (D:5)
  2 hounds
  2 jellies
  2 orc priests
  2 bullfrog skeletons
  2 centaur skeletons (D:8)
  5 iguanas
  Natasha (thrice) (D:2)
  6 worker ants
  2 orc wizards
  2 hound zombies
  A howler monkey zombie (D:8)
  12 gnolls
  11 adders
  4 shadow imps
  An ooze (D:3)
  An adder zombie (D:9)
  An adder skeleton (D:7)
  6 worms
  A dart slug (D:3)
  6 leopard geckos
  12 orcs
  4 ball pythons
  A giant cockroach (shapeshifter) (D:9)
  6 giant cockroaches
  9 goblins
  11 hobgoblins
  8 jackals
  15 quokkas
  A ball python skeleton (D:4)
  9 bats
  4 frilled lizards
  12 kobolds
  A leopard gecko zombie (D:5)
  A quokka skeleton (D:9)
  9 rats
234 creatures vanquished.

Vanquished Creatures (collateral kills)
  A slime creature (D:8)
  Prince Ribbit (D:8)
  2 hippogriffs
  A wyvern (D:8)
  A hungry ghost (D:9)
  A water moccasin (D:8)
  4 orc warriors
  A sky beast (D:8)
  2 phantoms
  2 necrophages
  3 bullfrogs
  Dowan (D:7)
  2 scorpions
  A howler monkey (D:8)
  2 crimson imps
  A centaur zombie (D:6)
  2 hounds (D:8)
  A gnoll shaman (D:7)
  An orc wizard (D:9)
  2 iguanas
  6 worker ants
  A hound skeleton (D:9)
  5 gnolls
  A dart slug (D:5)
  6 orcs
  A quokka (D:9)
52 creatures vanquished.

Grand Total: 286 creatures vanquished

Notes
Turn   | Place    | Note
-------+----------+-------------------------------------------
     0 | D:1      | mhoghedin the Demigod Ice Elementalist began the quest for
                  | the Orb.
     0 | D:1      | Reached XP level 1. HP: 14/14 MP: 5/5
    29 | D:1      | You fall through a shaft!
    42 | D:2      | Reached skill level 3 in Ice Magic
    42 | D:2      | Reached XP level 2. HP: 15/20 MP: 0/7
   469 | D:2      | Reached XP level 3. HP: 18/26 MP: 0/8
   638 | D:2      | Reached skill level 4 in Ice Magic
   707 | D:2      | Found a shadowy altar of Dithmenos.
   802 | D:2      | Learned a level 2 spell: Throw Frost
  1856 | D:1      | Reached XP level 4. HP: 27/33 MP: 9/9
  2094 | D:2      | Noticed Natasha
  2102 | D:2      | Killed Natasha
  2285 | D:2      | Reached skill level 1 in Polearms
  2285 | D:2      | Reached skill level 1 in Shields
  2317 | D:2      | Noticed Natasha
  2325 | D:2      | Killed Natasha
  2461 | D:2      | Reached XP level 5. HP: 11/38 MP: 6/10
  2462 | D:2      | HP: 9/38 [poisoned by a gnoll]
  2467 | D:2      | HP: 8/38 [poisoned by a gnoll]
  2472 | D:2      | HP: 6/38 [poisoned by a gnoll]
  2480 | D:2      | HP: 5/38 [poisoned by a gnoll]
  2816 | D:2      | Noticed Natasha
  2824 | D:2      | Killed Natasha
  2824 | D:2      | Reached skill level 2 in Polearms
  2824 | D:2      | Reached skill level 2 in Shields
  2891 | D:2      | Learned a level 3 spell: Ozocubu's Armour
  4011 | D:3      | Noticed Grinder
  4033 | D:3      | Killed Grinder
  4033 | D:3      | Reached skill level 3 in Shields
  4033 | D:3      | Reached skill level 1 in Charms
  4033 | D:3      | Reached skill level 5 in Ice Magic
  4033 | D:3      | Reached XP level 6. HP: 15/45 MP: 9/11
  4817 | D:3      | HP: 11/45 [slave[Pikel] (5)]
  5097 | D:4      | Noticed Pikel
  5110 | D:4      | Killed Pikel
  5110 | D:4      | Reached skill level 3 in Spellcasting
  5110 | D:4      | Reached skill level 6 in Ice Magic
  5110 | D:4      | Reached XP level 7. HP: 37/50 MP: 7/15
  5191 | D:4      | Found a white marble altar of Elyvilon.
  5666 | D:4      | Learned a level 4 spell: Summon Ice Beast
  5685 | D:5      | Entered Level 5 of the Dungeon
  5788 | D:5      | Reached skill level 1 in Summonings
  5788 | D:5      | Reached XP level 8. HP: 51/57 MP: 5/17
  6131 | D:5      | Reached skill level 2 in Summonings
  6198 | D:5      | Reached skill level 7 in Ice Magic
  6220 | D:5      | Found an ancient bone altar of Kikubaaqudgha.
  6663 | D:5      | Reached skill level 3 in Summonings
  6885 | D:6      | Noticed Eustachio
  6899 | D:6      | Killed Eustachio
  7154 | D:6      | Reached skill level 4 in Summonings
  7416 | D:6      | Reached skill level 8 in Ice Magic
  7647 | D:6      | Reached skill level 2 in Dodging
  7653 | D:6      | Found a staircase to the Ecumenical Temple.
  7833 | D:7      | Reached skill level 1 in Fighting
  7883 | D:7      | HP: 12/59 [phantom (8)]
  7912 | D:7      | Reached XP level 9. HP: 26/64 MP: 11/18
  8132 | D:7      | Noticed Duvessa
  8142 | D:7      | Noticed Dowan
  8154 | D:7      | Killed Duvessa
  8156 | D:7      | Killed Dowan
  8156 | D:7      | Reached skill level 4 in Shields
  8351 | D:7      | Reached skill level 2 in Fighting
  8351 | D:7      | Reached skill level 3 in Dodging
  8786 | D:8      | Reached skill level 3 in Fighting
  8817 | D:8      | Reached skill level 4 in Dodging
  8824 | D:8      | Noticed a two-headed ogre
  8845 | D:7      | HP: 17/71 [poisoned by a water moccasin]
  8851 | D:7      | HP: 14/71 [poisoned by a water moccasin]
  8858 | D:7      | HP: 13/71 [poisoned by a water moccasin]
  8865 | D:7      | HP: 12/71 [poisoned by a water moccasin]
  8873 | D:7      | HP: 12/71 [poisoned by a water moccasin]
  9198 | D:8      | Noticed Prince Ribbit
  9235 | D:8      | Noticed a cyan ugly thing
  9301 | D:8      | Reached skill level 4 in Fighting
  9347 | D:8      | Reached skill level 2 in Short Blades
  9399 | D:8      | Gained mutation: Armour fits poorly on your strangely
                  | shaped body. [potion of mutation]
  9399 | D:8      | Gained mutation: You possess an exceptional clarity of
                  | mind. [potion of mutation]
  9399 | D:8      | Gained mutation: You are somewhat resistant to further
                  | mutation. [potion of mutation]
  9507 | D:8      | Reached skill level 5 in Dodging
 10239 | D:8      | a two-headed ogre changed into a slime creature
 10244 | D:8      | HP: 13/72 [slime creature (16)]
 10876 | D:8      | Reached skill level 5 in Fighting
 11021 | D:8      | Killed Prince Ribbit
 11021 | D:8      | Reached XP level 10. HP: 57/81 MP: 7/19
 11583 | D:8      | Reached skill level 6 in Dodging
 11709 | D:8      | Killed a cyan ugly thing
 11709 | D:8      | Reached skill level 6 in Fighting
 12272 | D:9      | Reached skill level 2 in Stealth
 12303 | D:9      | Found a basalt altar of Yredelemnul.
 12403 | D:9      | Found a white marble altar of Elyvilon.
 12408 | D:9      | Found an iron altar of Okawaru.
 12408 | D:9      | Found an ornate altar of the Wu Jian Council.
 12408 | D:9      | Found a snail-covered altar of Cheibriados.
 12511 | D:9      | Noticed a tengu warrior
 12531 | D:9      | Killed a tengu warrior
 12531 | D:9      | Reached skill level 3 in Short Blades
 12531 | D:9      | Reached skill level 7 in Dodging
 12531 | D:9      | Reached skill level 3 in Stealth
 13303 | D:9      | Learned a level 4 spell: Throw Icicle
 13321 | D:9      | Reached skill level 1 in Conjurations
 13432 | D:9      | Reached skill level 2 in Conjurations
 13907 | D:10     | Entered Level 10 of the Dungeon
 13907 | D:10     | Found Joduem's Jewellery Emporium.
 13912 | D:10     | Noticed Snorg
 13919 | D:10     | HP: 5/84 [Snorg (17)]
 13921 | D:10     | Demolished by Snorg

Levels and vault maps discovered:
D:1:      lightli_arrival_flooded_house, layout_loops_corners,
          minmay_misc_feat_iff, lemuel_old_faithful
D:2:      layout_basic, old_standard_altar, uniq_natasha
D:3:      cheibrodos_greedy_goblins, layout_loops_corners, first_ration,
          minivault_23, uniq_grinder
D:4:      layout_basic, serial_glass, glass_columns_a, glass_columns_a,
          elyvilon_altar_5, uniq_pikel
D:5:      layout_loops_cross, lemuel_coloured_pillars_altar, minmay_manual_moon
D:6:      layout_cave_pods, minmay_temple_entry_enclosed_plants, uniq_eustachio
D:7:      layout_rooms, grunt_ogre_cave, uniq_duvessa
D:8:      minmay_imperfect_grid, layout_gridville, kb_rosetta,
          uniq_prince_ribbit1
D:9:      minmay_the_grid_plus_closed [minmay_the_grid_holed_spiral,
          minmay_the_grid_dragon_b, minmay_the_grid_slots,
          minmay_the_grid_rooms, minmay_the_grid_prize_four_corners],
          layout_basic, grunt_temple_overflow_open, yredelemnul_altar_generic
D:10:     layout_gridville, due_lair_maze_entry_diamond, serial_shops,
          nicolae_shop_trees, nicolae_shop_statue_plus, shop, shop, uniq_snorg

Skill      XL: |  1  2  3  4  5  6  7  8  9 10 |
---------------+-------------------------------+-----
Ice Magic      | 3 4 5 6 8 |  8.0
Polearms       | 1 2 |  2.5
Shields        | 1 3 4 |  4.0
Charms         | 1 |  1.8
Spellcasting   | 3 |  3.8
Summonings     | 1 4 |  4.3
Dodging        | 2 5 7 |  7.2
Fighting       | 1 5 6 |  6.8
Short Blades   | 2 3 |  3.5
Stealth        | 3 |  3.6
Conjurations   | 2 |  2.2

Action                   |  1- 3 |  4- 6 |  7- 9 | 10-12 || total
-------------------------+-------+-------+-------+-------++-------
Melee: Spear             |    46 |   211 |   145 |       ||   402
       Short sword       |       |       |   447 |   229 ||   676
Throw: Dart              |       |     4 |       |       ||     4
 Cast: Freeze            |    52 |    72 |    71 |     7 ||   202
       Throw Frost       |       |     6 |    10 |       ||    16
       Ozocubu's Armour  |       |     9 |    24 |     6 ||    39
       Summon Ice Beast  |       |       |    25 |    24 ||    49
       Throw Icicle      |       |       |       |     5 ||     5
Evoke: Wand              |       |     5 |    17 |    10 ||    32
  Use: Scroll            |     2 |     2 |    12 |     4 ||    20
       Potion            |     1 |     1 |     5 |       ||     7
 Stab: Sleeping          |     5 |     3 |     7 |     3 ||    18
       Paralysed         |       |    25 |     7 |       ||    32
       Distracted        |       |       |     1 |     2 ||     3
  Eat: Chunk             |     3 |    10 |    15 |    14 ||    42
       Ration            |       |     1 |     5 |     1 ||     7
Armor: Robe              |    13 |    23 |       |       ||    36
       Leather armour    |       |    18 |   158 |    25 ||   201
Dodge: Dodged            |    52 |    95 |   377 |   131 ||   655
Block: Buckler           |       |    47 |   186 |    64 ||   297

Table legend:
 A = Non-vault XP
 B = Vault XP
 C = Vault XP percentage of total XP
 D = Non-vault monster count
 E = Vault monster count
 F = Vault count percentage of total count
                 A         B        C        D         E       F
            +---------+---------+-------+---------+---------+-------
      Total |    5043 |    6526 |  56.4 |     211 |      71 |  25.2
            +---------+---------+-------+---------+---------+-------
        D:1 |      38 |       0 |   0.0 |      22 |       0 |   0.0
        D:2 |     220 |      35 |  13.7 |      31 |       1 |   3.1
        D:3 |      94 |     279 |  74.8 |      26 |      12 |  31.6
        D:4 |     260 |     629 |  70.8 |      18 |       1 |   5.3
        D:5 |     791 |       5 |   0.6 |      32 |       2 |   5.9
        D:6 |     522 |     179 |  25.5 |      14 |       1 |   6.7
        D:7 |     714 |     357 |  33.3 |      21 |       4 |  16.0
        D:8 |    1289 |    2642 |  67.2 |      22 |      31 |  58.5
        D:9 |    1115 |    2400 |  68.3 |      25 |      19 |  43.2
            +---------+---------+-------+---------+---------+-------

Levels and vault maps discovered:
D:1:      lightli_arrival_flooded_house, layout_loops_corners,
          minmay_misc_feat_iff, lemuel_old_faithful
D:2:      layout_basic, old_standard_altar, uniq_natasha
D:3:      cheibrodos_greedy_goblins, layout_loops_corners, first_ration,
          minivault_23, uniq_grinder
D:4:      layout_basic, serial_glass, glass_columns_a, glass_columns_a,
          elyvilon_altar_5, uniq_pikel
D:5:      layout_loops_cross, lemuel_coloured_pillars_altar, minmay_manual_moon
D:6:      layout_cave_pods, minmay_temple_entry_enclosed_plants, uniq_eustachio
D:7:      layout_rooms, grunt_ogre_cave, uniq_duvessa
D:8:      minmay_imperfect_grid, layout_gridville, kb_rosetta,
          uniq_prince_ribbit1
D:9:      minmay_the_grid_plus_closed [minmay_the_grid_holed_spiral,
          minmay_the_grid_dragon_b, minmay_the_grid_slots,
          minmay_the_grid_rooms, minmay_the_grid_prize_four_corners],
          layout_basic, grunt_temple_overflow_open, yredelemnul_altar_generic
D:10:     layout_gridville, due_lair_maze_entry_diamond, serial_shops,
          nicolae_shop_trees, nicolae_shop_statue_plus, shop, shop, uniq_snorg

Table legend:
 A = Turns spent in this place as a percentage of turns spent in the entire game.
 B = Non-inter-level travel turns spent in this place as a percentage of non-inter-level travel turns spent in the entire game.
 C = Inter-level travel turns spent in this place as a percentage of turns spent in this place.
 D = Turns resting spent in this place as a percentage of non-inter-level travel turns spent in this place.
 E = Turns spent auto-exploring this place as a percentage of non-inter-level travel turns spent in this place.
 F = Non-inter-level travel turns spent in this place divided by the number of levels of this place that you've seen.
                   A       B       C       D       E      F
               +-------+-------+-------+-------+-------+----------------------
         Total | 100.0 | 100.0 |   2.4 |  39.4 |  38.0 | 1358.6
       Dungeon | 100.0 | 100.0 |   2.4 |  39.4 |  38.0 | 1358.6
               +-------+-------+-------+-------+-------+----------------------

Table legend:
 A = Kills in this place as a percentage of kills in entire the game.
 B = Kills by you in this place as a percentage of kills by you in the entire game.
 C = Kills by friends in this place as a percentage of kills by friends in the entire game.
 D = Other kills in this place as a percentage of other kills in the entire game.
 E = Experience gained in this place as a percentage of experience gained in the entire game.
 F = Experience gained in this place divided by the number of levels of this place that you have seen.
                   A       B       C       D       E      F
               +-------+-------+-------+-------+-------+----------------------
         Total | 100.0 | 100.0 | 100.0 |   N/A | 100.0 | 1156.9
       Dungeon | 100.0 | 100.0 | 100.0 |   N/A | 100.0 | 1156.9
               +-------+-------+-------+-------+-------+----------------------
